 Dungeon Crawl Stone Soup version 0.28.0-45-g0d030f2227 (webtiles) character file.

Game seed: 15222933098124435715

77 NinjaNoafa the Vexing (level 4, -1/34 HPs)
             Began as a Gnoll Arcane Marksman on Apr 15, 2022.
             Was a Follower of Okawaru.
             Slain by a goblin
             ... wielding a +0 dagger
             ... led by Robin
              (5 damage)
             ... on level 3 of the Dungeon.
             The game lasted 00:04:41 (1956 turns).

NinjaNoafa the Vexing (Gnoll Arcane Marksman)       Turns: 1956, Time: 00:04:42

Health: -1/34      AC:  3    Str:  9    XL:     4   Next: 34%
Magic:  6/8        EV: 13    Int: 15    God:    Okawaru [*.....]
Gold:   99         SH:  0    Dex: 12    Spells: 8/9 levels left

rFire   . . .      SeeInvis .   a - +0 hand crossbow
rCold   + . .      Faith    .   (no shield)
rNeg    . . .      Spirit   .   d - +0 robe
rPois   .          Reflect  .   (no helmet)
rElec   .          Harm     .   (no cloak)
rCorr   .          Rampage  .   (no gloves)
Will    .....                   l - +0 pair of boots
Stlth   +.........              (no amulet)
HPRegen 0.11/turn               i - ring of protection from cold
MPRegen 0.11/turn               (no ring)

@: silenced
A: fangs 1, strong nose, distributed training
a: Renounce Religion


You were on level 3 of the Dungeon.
You worshipped Okawaru.
Okawaru was aware of your devotion.
You visited 1 branch of the dungeon, and saw 3 of its levels.

You collected 99 gold pieces.

Inventory:

Hand Weapons
 a - a +0 hand crossbow (weapon)
Missiles
 g - 40 stones
 h - 3 poisoned darts (quivered)
Armour
 d - a +0 robe (worn)
 l - a +0 pair of boots (worn)
Jewellery
 i - a ring of protection from cold (left hand)
 o - a +4 ring of protection
Scrolls
 e - a scroll of silence
 f - 2 scrolls of identify {unknown}
 j - a scroll of teleportation {unknown}
 m - a scroll of enchant weapon {unknown}
 n - a scroll of torment {unknown}
Potions
 b - a potion of curing {unknown}
 k - a potion of attraction {unknown}
 p - a potion of degeneration {unknown}
 q - a potion of ambrosia {unknown}


   Skills:
 + Level 2.7 Fighting
 + Level 1.1 Short Blades
 + Level 1.1 Long Blades
 + Level 1.1 Axes
 + Level 1.1 Maces & Flails
 + Level 1.1 Polearms
 + Level 1.1 Staves
 + Level 1.1 Slings
 + Level 1.1 Bows
 + Level 4.6 Crossbows
 + Level 1.1 Throwing
 + Level 1.1 Armour
 + Level 4.6 Dodging
 + Level 1.1 Stealth
 + Level 1.1 Shields
 + Level 1.1 Unarmed Combat
 + Level 3.0 Spellcasting
 + Level 0.8 Conjurations
 + Level 5.4 Hexes
 + Level 0.8 Summonings
 + Level 0.8 Necromancy
 + Level 0.8 Translocations
 + Level 0.8 Transmutations
 + Level 0.8 Fire Magic
 + Level 0.8 Ice Magic
 + Level 0.8 Air Magic
 + Level 0.8 Earth Magic
 + Level 0.8 Poison Magic
 + Level 1.2 Invocations
 + Level 1.1 Evocations


You had 8 spell levels left.
You knew the following spells:

 Your Spells              Type           Power      Damage    Failure   Level
a - Slow                  Hex            72%        N/A       2%          1

Your spell library contained the following spells:

 Spells                   Type           Power      Damage    Failure   Level
 Beastly Appendage        Tmut           8%         N/A       14%         1
 Inner Flame              Hex/Fire       11%        N/A       16%         3
 Portal Projectile        Hex/Tloc       22%        N/A       16%         3
 Wereblood                Tmut           4%         N/A       22%         2
 Cause Fear               Hex            9%         N/A       22%         4
 Spider Form              Tmut/Pois      4%         N/A       38%         3
 Passage of Golubria      Tloc           4%         N/A       80%         4
 Silence                  Hex/Air        5%         N/A       83%         5
 Lehudib's Crystal Spear  Conj/Erth      2%         10d2      100%        8


Dungeon Overview and Level Annotations

Branches:
Dungeon (3/15)

Altars:
Okawaru
Wu Jian


Innate Abilities, Weirdness & Mutations

You have very sharp teeth.
Your uncanny sense of smell can sniff out nearby items.
Your experience applies equally to all skills.


Message History

Robin hits you with a +0 dagger.
You shoot a bolt. The bolt hits Robin.
Robin is heavily wounded.
The hobgoblin closely misses you.
The hobgoblin hits you but does no damage.
The goblin shoots a stone.
The stone misses you. Robin hits you with a +0 dagger.
The goblin barely misses you.
The hobgoblin hits you but does no damage.
The hobgoblin closely misses you.
Magic scrolls do not work when you're silenced!
Okay, then.
You shoot a bolt. The bolt hits Robin!
You kill Robin!
Okawaru accepts your kill. The goblin closely misses you.
The goblin hits you with a +0 club. The hobgoblin barely misses you.
The hobgoblin hits you.
* * * LOW HITPOINT WARNING * * *
The goblin barely misses you.
Your Spellcasting skill increases to level 3!
You are too injured to fight recklessly!
Okay, then.
Really attack while wielding your +0 hand crossbow?
Okay, then.
Throw: 5 darts (poison)
Press: ? - help, Q - select action, (/) - cycle Shift-Dir - straight line, f - goblin
Aim: a goblin, wielding a +0 club (silenced, strong, 50% to hit)
You throw a poisoned dart.
The poisoned dart closely misses the goblin.
The goblin hits you with a +0 dagger.
* * * LOW HITPOINT WARNING * * *
The goblin closely misses you. The hobgoblin misses you.
The hobgoblin hits you.
* * * LOW HITPOINT WARNING * * *
Throw: 4 darts (poison)
Press: ? - help, Q - select action, (/) - cycle Shift-Dir - straight line, f/p - goblin
Aim: a goblin, wielding a +0 club (silenced, strong, 50% to hit)
You throw a poisoned dart. The poisoned dart hits the goblin.
The goblin is poisoned.
The goblin barely misses you. The goblin hits you with a +0 dagger.
You die...

.................
............(....
.................
.................
.................
.......g.........
....(.gggg(......
#(...g@g(.#
#########.#
.....####.######
#...........#
##..♣♣♣♣♣♣♣.#
##.........#
........♣.♣♣♣.♣.#
###.##..♣.....♣.##
....♣.._..♣..#


You could see 3 hobgoblins and 4 goblins.

Vanquished Creatures
  Robin (D:3)
  2 adders (D:2)
  2 adder skeletons
  A dart slug (D:2)
  6 bats
  5 endoplasms
  5 goblins
  6 hobgoblins
  3 kobolds
  2 quokkas
  3 ball pythons
  3 rats
39 creatures vanquished.

Notes
Turn   | Place    | Note
-------+----------+-------------------------------------------
     0 | D:1      | NinjaNoafa the Gnoll Arcane Marksman began the quest for
                  | the Orb.
     0 | D:1      | Reached XP level 1. HP: 17/17 MP: 4/4
    67 | D:1      | Reached XP level 2. HP: 23/23 MP: 5/5
   598 | D:2      | Reached XP level 3. HP: 27/28 MP: 7/7
   654 | D:2      | Found a faded altar of an unknown god.
   660 | D:2      | Prayed at the altar of an unknown god.
   660 | D:2      | Became a worshipper of Warmaster Okawaru
   660 | D:2      | Reached * piety under Okawaru
   901 | D:2      | Reached skill level 1 in Invocations
  1402 | D:2      | Reached skill level 1 in Short Blades
  1402 | D:2      | Reached skill level 1 in Long Blades
  1402 | D:2      | Reached skill level 1 in Axes
  1402 | D:2      | Reached skill level 1 in Maces & Flails
  1402 | D:2      | Reached skill level 1 in Polearms
  1402 | D:2      | Reached skill level 1 in Staves
  1402 | D:2      | Reached skill level 1 in Slings
  1402 | D:2      | Reached skill level 1 in Bows
  1402 | D:2      | Reached skill level 1 in Throwing
  1402 | D:2      | Reached skill level 1 in Armour
  1402 | D:2      | Reached skill level 1 in Stealth
  1402 | D:2      | Reached skill level 1 in Shields
  1402 | D:2      | Reached skill level 1 in Unarmed Combat
  1402 | D:2      | Reached skill level 1 in Evocations
  1697 | D:2      | Reached XP level 4. HP: 34/34 MP: 8/8
  1897 | D:3      | Found an ornate altar of the Wu Jian Council.
  1941 | D:3      | Noticed Robin
  1954 | D:3      | Killed Robin
  1956 | D:3      | Slain by a goblin

Illustrated notes

Levels and vault maps discovered:
D:1:      tarquinn_simple_flora_water_d, layout_rooms
D:2:      layout_basic, dreamdust_ecumenical_altar_angels_and_demons,
          serial_aquarium, aquarium_bridge_straight [aquarium_subvault_bridge,
          aquarium_subvault_balcony, aquarium_subvault_bridge,
          aquarium_subvault_balcony], aquarium_window_2, aquarium_window_fake,
          aquarium_window_1, aquarium_window_corner, aquarium_view_2e,
          aquarium_pool_side, dk_noncrumbling_2
D:3:      layout_basic, lemuel_crystal_altar, mainiacjoe_overflow_cross_hatched,
          lemuel_tele_altar, uniq_jessica, uniq_robin

Skill      XL: |  1  2  3  4 |
---------------+-------------+-----
Invocations    | 1 |  1.2
Short Blades   | 1 |  1.1
Long Blades    | 1 |  1.1
Axes           | 1 |  1.1
Maces & Flails | 1 |  1.1
Polearms       | 1 |  1.1
Staves         | 1 |  1.1
Slings         | 1 |  1.1
Bows           | 1 |  1.1
Throwing       | 1 |  1.1
Armour         | 1 |  1.1
Stealth        | 1 |  1.1
Shields        | 1 |  1.1
Unarmed Combat | 1 |  1.1
Evocations     | 1 |  1.1
Spellcasting   | 3 |  3.0
Fighting       | |  2.7
Crossbows      | |  4.6
Dodging        | |  4.6
Conjurations   | |  0.8
Hexes          | |  5.4
Summonings     | |  0.8
Necromancy     | |  0.8
Translocations | |  0.8
Transmutations | |  0.8
Fire Magic     | |  0.8
Ice Magic      | |  0.8
Air Magic      | |  0.8
Earth Magic    | |  0.8
Poison Magic   | |  0.8

Action                   |  1- 3 |  4- 6 || total
-------------------------+-------+-------++-------
 Fire: Hand crossbow     |    86 |    13 ||    99
Throw: Dart              |       |     2 ||     2
 Cast: Slow              |     6 |     3 ||     9
  Use: Scroll            |       |     1 ||     1
Armor: Robe              |     3 |     7 ||    10
Dodge: Dodged            |    23 |    18 ||    41
